 Dungeon Crawl Stone Soup version 0.17-a0-131-ga9cda9c (webtiles) character file.

59 xeno23 the Ducker (level 4, 32/32 HPs)
             Began as a Merfolk Ice Elementalist on Mar 24, 2015.
             Was an Initiate of Ashenzari.
             Starved to death
             ... on level 2 of the Dungeon.
             The game lasted 00:09:05 (2065 turns).

xeno23 the Ducker (Merfolk Ice Elementalist)        Turns: 2065, Time: 00:09:05

Health: 32/32      AC:  3    Str:  8    XL:     4   Next: 3%
Magic:  8/8        EV: 13    Int: 15    God:    Ashenzari [......]
Gold:   60         SH:  0    Dex: 14    Spells: 3 memorised, 2 levels left

rFire  . . .     SeeInvis .     e - +0 mace
rCold  . . .     Clarity  .     a - +0 robe
rNeg   . . .     SustAb   .     (no shield)
rPois  .         Gourm    .     h - +0 helmet
rElec  .         Spirit   .     (no cloak)
rCorr  .         Warding  .     (no gloves)
rMut   +         Stasis   .     (no boots)
MR     .....                    j - amulet of resist mutation (curse)
Stlth  ++........               (no ring)
                                (no ring)

@: starving, not resistant to hostile enchantments, unstealthy
A: change form in water, swift swim
a: Renounce Religion


You were on level 2 of the Dungeon.
You worshipped Ashenzari.
Ashenzari was noncommittal.
You were starving.

You visited 1 branch of the dungeon, and saw 2 of its levels.

You collected 60 gold pieces.

Inventory:

Hand weapons
 e - a +0 mace (weapon)
Missiles
 o - 19 stones (quivered)
Armour
 a - a +0 robe (worn)
 h - a +0 helmet (worn)
Jewellery
 j - a cursed amulet of resist mutation (around neck)
Scrolls
 f - a scroll of enchant armour {unknown}
 g - a scroll of enchant weapon {unknown}
 l - a scroll of identify {unknown}
 n - a scroll of fear {unknown}
Potions
 d - 2 potions of agility {unknown}
 i - a potion of cure mutation {unknown}
 k - a potion of lignification {unknown}
 m - a potion of curing {unknown}
 p - a potion of flight {unknown}
 q - a potion of restore abilities {unknown}
Books
 b - a book of Frost

   Spells                             Type                      Level
   a - Freeze                         Ice                          1
   b - Throw Frost                    Conjuration/Ice              2
   c - Ozocubu's Armour               Charms/Ice                   3
   d - Throw Icicle                   Conjuration/Ice              4
   e - Summon Ice Beast               Ice/Summoning                4
   f - Condensation Shield            Ice                          4
Comestibles
 c - a bread ration


   Skills:
 * Level 1.2 Fighting
 + Level 3.6 Dodging
 + Level 2.5 Stealth
 * Level 2.7 Spellcasting
 * Level 0.7 Conjurations
 * Level 0.4 Charms
 - Level 3.5 Ice Magic


You had 2 spell levels left.
You knew the following spells:

 Your Spells              Type           Power        Failure   Level  Hunger
a - Freeze                Ice            ##..         6%          1    #......
b - Ozocubu's Armour      Chrm/Ice       #.......     30%         3    ###....
q - Throw Frost           Conj/Ice       #.....       14%         2    ##.....


Dungeon Overview and Level Annotations

Branches:
Dungeon (2/15)

Altars:
Ashenzari


Message History

The plant is moderately damaged.
You hit the plant but do no damage.
The plant is moderately damaged.
You hit the plant but do no damage.
The plant is moderately damaged.
You hit the plant but do no damage.
The plant is moderately damaged.
Unknown command.
You hit the plant but do no damage.
The plant is moderately damaged.
You hit the plant but do no damage.
The plant is moderately damaged.
You hit the plant but do no damage.
The plant is moderately damaged.
You hit the plant.
The plant is heavily damaged.
You hit the plant but do no damage.
The plant is heavily damaged.
You have starved to death.
You die... ## ## #P♣♣♣#♣♣♣##P♣ # #♣PP...PPPPP#P#

#PP...(.PPPPP#♣
###P......@#l.PP♣#
#(.)...§...#r..PP#
#(##..§....#l.#P♣#
#.#PP.....PP#P#
#.#♣PP≈..PPPP#♣
#.#♣♣♣♣#♣♣#♣P♣ # #.# ## .#
#.############ ####.#
#............####....######


You could see 2 giant geckos and a rat.

Vanquished Creatures
  Terence (D:2)
  2 adders (D:2)
  A worm (D:2)
  A giant cockroach (D:2)
  A hobgoblin (D:1)
  2 jackals (D:1)
  A ball python (D:2)
  4 bats
  9 kobolds
  4 rats (D:1)
26 creatures vanquished.

Notes
Turn   | Place    | Note
--------------------------------------------------------------
     0 | D:1      | xeno23, the Merfolk Ice Elementalist, began the quest for the Orb.
     0 | D:1      | Reached XP level 1. HP: 13/13 MP: 3/3
   465 | D:1      | Reached XP level 2. HP: 11/19 MP: 2/4
   784 | D:1      | Learned a level 2 spell: Throw Frost
   879 | D:2      | Reached XP level 3. HP: 13/25 MP: 1/6
  1088 | D:2      | Found a shattered altar of Ashenzari.
  1094 | D:2      | Became a worshipper of Ashenzari the Shackled
  1612 | D:2      | Noticed Terence
  1619 | D:2      | Learned a level 3 spell: Ozocubu's Armour
  1653 | D:2      | Killed Terence
  1653 | D:2      | Reached skill level 1 in Fighting
  1714 | D:2      | Reached XP level 4. HP: 3/32 MP: 1/8
  2065 | D:2      | Starved to death

Action                   |  1- 3 |  4- 6 || total
-------------------------+-------+-------++-------
Melee: Mace              |    68 |   117 ||   185
Throw: Stone             |     2 |       ||     2
 Cast: Freeze            |    17 |     2 ||    19
       Throw Frost       |     5 |       ||     5
       Ozocubu's Armour  |     2 |       ||     2
  Eat: Chunk             |     2 |       ||     2
